SKY
INDIANAPOLIS IGNITION @ NEW YORK METS
05/11/2052
 
TOP OF THE 1ST
Indianapolis Ignition batting - Pitching for New York Mets : LHP Ryan Zuleger
Pitching: LHP Ryan Zuleger
Batting: RHB Wendell Dominique 0-0: Ball
1-0: Foul Ball, location: 9LDF
1-1: Called Strike
1-2: Ball
2-2: Ball
3-2: DOUBLE (Flyball, 8RXD, EV 103.8 MPH)
Batting: RHB Jason Stafford 0-0: Fly out, F8 (Flyball, 8LXD, EV 109.4 MPH)
Runner from 2nd tags up, SAFE at 3rd, no throw by CF
Batting: LHB Ryan Penryn 0-0: Called Strike
0-1: Swinging Strike
0-2: Strikes out swinging
Batting: LHB Belero Aguilar 0-0: Called Strike
0-1: Called Strike
0-2: Foul Ball, location: 2F
0-2: Fly out, F5 (Line Drive, 5L, EV 72.5 MPH)
Top of the 1st over - 0 runs, 1 hit, 0 errors, 1 left on base; Indianapolis 0 - New York 0
BOTTOM OF THE 1ST
New York Mets batting - Pitching for Indianapolis Ignition : LHP Neal Frizell
Pitching: LHP Neal Frizell
Batting: RHB Jeremy Zimmerman 0-0: Ball
1-0: Ball
2-0: SINGLE (Line Drive, 3D, EV 103.8 MPH)
Batting: RHB Jonathan Mitchell 0-0: Grounds into double play, 6-4-3 (Groundball, 56, EV 101.3 MPH)
Batting: RHB Javin Hall 0-0: Ball
1-0: SINGLE (Groundball, 56D, EV 98.1 MPH)
Batting: RHB Tyler McCaughey 0-0: Ball
1-0: Fielders Choice at 2nd, 6-4 (Groundball, 6, EV 94.4 MPH)
Bottom of the 1st over - 0 runs, 2 hits, 0 errors, 1 left on base; Indianapolis 0 - New York 0
TOP OF THE 2ND
Indianapolis Ignition batting - Pitching for New York Mets : LHP Ryan Zuleger
Batting: SHB Benjamin Nang 0-0: Ball
1-0: Ball
2-0: Foul Ball, location: 5FF
2-1: Called Strike
2-2: Strikes out swinging
Batting: LHB Brandon Wright 0-0: Ball
1-0: Swinging Strike
1-1: Ball
2-1: Swinging Strike
2-2: Fly out, F3 (Flyball, 3D, EV 86.9 MPH)
Batting: SHB Randy Kennedy 0-0: Called Strike
0-1: Ball
1-1: Foul Ball, location: 2F
1-2: DOUBLE (Flyball, 8LXD, EV 90.6 MPH)
Batting: RHB Grayson Potts 0-0: Ball
1-0: Ball
2-0: Called Strike
2-1: Foul Ball, location: 2F
2-2: Ball
3-2: SINGLE (Line Drive, 34D, EV 108.1 MPH)
Randy Kennedy to third
Batting: LHB E.J. Sadowski 0-0: Called Strike
0-1: Ball
1-1: Called Strike
1-2: Foul Ball, location: 2F
1-2: Ball
2-2: Strikes out swinging
Top of the 2nd over - 0 runs, 2 hits, 0 errors, 2 left on base; Indianapolis 0 - New York 0
BOTTOM OF THE 2ND
New York Mets batting - Pitching for Indianapolis Ignition : LHP Neal Frizell
Batting: SHB Emmanuel González 0-0: Called Strike
0-1: Foul Ball, location: 23F
0-2: Ball
1-2: Ball
2-2: Strikes out swinging
Batting: RHB Miroel Alcantar 0-0: Hit by Pitch
Batting: LHB Earl Jones 0-0: Ball
1-0: Ball
2-0: Ball
3-0: Called Strike
3-1: Grounds into double play, 6-4-3 (Groundball, 6, EV 90.0 MPH)
Bottom of the 2nd over - 0 runs, 0 hits, 0 errors, 0 left on base; Indianapolis 0 - New York 0
TOP OF THE 3RD
Indianapolis Ignition batting - Pitching for New York Mets : LHP Ryan Zuleger
Batting: RHB Wendell Dominique 0-0: Foul Ball, location: 25FF
0-1: Called Strike
0-2: Ball
1-2: Ground out 4-3 (Groundball, 34, EV 80.0 MPH)
Batting: RHB Jason Stafford 0-0: Ball
1-0: Ball
2-0: Called Strike
2-1: Ball
3-1: Base on Balls
Batting: LHB Ryan Penryn 0-0: Foul Ball, location: 7LDF
0-1: Ball
1-1: Ball
2-1: Called Strike
2-2: Grounds into double play, 4-6-3 (Groundball, 4, EV 83.1 MPH)
Top of the 3rd over - 0 runs, 0 hits, 0 errors, 0 left on base; Indianapolis 0 - New York 0
BOTTOM OF THE 3RD
New York Mets batting - Pitching for Indianapolis Ignition : LHP Neal Frizell
Batting: RHB Dennis Hardwick 0-0: Ball
1-0: Foul Ball, location: 2F
1-1: Ball
2-1: Fly out, F8 (Flyball, 8RXD, EV 88.8 MPH)
Batting: LHB Enrique Reyna 0-0: Swinging Strike
0-1: Ball
1-1: Ground out 4-3 (Groundball, 4M, EV 85.0 MPH)
Batting: RHB Jeremy Zimmerman 0-0: Called Strike
0-1: Foul Ball, location: 2F
0-2: Ball
1-2: Ball
2-2: Strikes out looking
Bottom of the 3rd over - 0 runs, 0 hits, 0 errors, 0 left on base; Indianapolis 0 - New York 0
TOP OF THE 4TH
Indianapolis Ignition batting - Pitching for New York Mets : LHP Ryan Zuleger
Batting: LHB Belero Aguilar 0-0: Swinging Strike
0-1: Swinging Strike
0-2: Foul Ball, location: 2F
0-2: Strikes out looking
Batting: SHB Benjamin Nang 0-0: Called Strike
0-1: Foul Ball, location: 2F
0-2: Ball
1-2: Strikes out looking
Batting: LHB Brandon Wright 0-0: Called Strike
0-1: Called Strike
0-2: Ball
1-2: Strikes out swinging
Top of the 4th over - 0 runs, 0 hits, 0 errors, 0 left on base; Indianapolis 0 - New York 0
BOTTOM OF THE 4TH
New York Mets batting - Pitching for Indianapolis Ignition : LHP Neal Frizell
Batting: RHB Jonathan Mitchell 0-0: Called Strike
0-1: Called Strike
0-2: Ball
1-2: Fly out, F7 (Flyball, 7LSF, EV 90.0 MPH)
Batting: RHB Javin Hall 0-0: Foul Ball, location: 2F
0-1: DOUBLE (Line Drive, 7LD, EV 103.8 MPH)
Batting: RHB Tyler McCaughey 0-0: Swinging Strike
0-1: Foul Ball, location: 5DF
0-2: Ball
1-2: Foul Ball, location: 5F
1-2: Ball
2-2: Ball
3-2: Base on Balls
Batting: SHB Emmanuel González 0-0: Swinging Strike
0-1: Fly out, F9 (Flyball, 89S, EV 91.3 MPH)
Batting: RHB Miroel Alcantar 0-0: Foul Ball, location: 5SF
0-1: Swinging Strike
0-2: Ball
1-2: Strikes out looking
Bottom of the 4th over - 0 runs, 1 hit, 0 errors, 2 left on base; Indianapolis 0 - New York 0
TOP OF THE 5TH
Indianapolis Ignition batting - Pitching for New York Mets : LHP Ryan Zuleger
Batting: SHB Randy Kennedy 0-0: Foul Ball, location: 3SF
0-1: Ball
1-1: Ball
2-1: Foul Ball, location: 2F
2-2: Ball
3-2: Foul Ball, location: 3F
3-2: Foul Ball, location: 3F
3-2: Foul Ball, location: 25F
3-2: Foul Ball, location: 9LDF
3-2: Ground out 5-3 (Groundball, 5L, EV 96.3 MPH)
Batting: RHB Grayson Potts 0-0: Ball
1-0: Ball
2-0: Ground out 4-3 (Groundball, 4, EV 78.1 MPH)
Batting: LHB E.J. Sadowski 0-0: Ball
1-0: Foul Ball, location: 3F
1-1: Swinging Strike
1-2: Foul Ball, location: 2RF
1-2: Ball
2-2: Ground out 4-3 (Groundball, 4, EV 88.8 MPH)
Top of the 5th over - 0 runs, 0 hits, 0 errors, 0 left on base; Indianapolis 0 - New York 0
BOTTOM OF THE 5TH
New York Mets batting - Pitching for Indianapolis Ignition : LHP Neal Frizell
Batting: LHB Earl Jones 0-0: Called Strike
0-1: SINGLE (Groundball, 34D, EV 99.4 MPH)
Batting: RHB Dennis Hardwick 0-0: Ball
1-0: Ball
2-0: Foul Ball, location: 9LDF
2-1: Swinging Strike
2-2: Strikes out swinging
Batting: LHB Enrique Reyna 0-0: Swinging Strike
0-1: Ball
1-1: Ball
2-1: Swinging Strike
2-2: Foul Ball, location: 2F
2-2: Strikes out swinging
Pitching: RHP Alan Welsh
Batting: RHB Jeremy Zimmerman 0-0: Foul Ball, location: 5FF
0-1: Swinging Strike
0-2: Strikes out swinging
Bottom of the 5th over - 0 runs, 1 hit, 0 errors, 1 left on base; Indianapolis 0 - New York 0
TOP OF THE 6TH
Indianapolis Ignition batting - Pitching for New York Mets : LHP Ryan Zuleger
Pitching: RHP Ethan Ponzio
Batting: RHB Wendell Dominique 0-0: Ball
1-0: Ball
2-0: Called Strike
2-1: Ground out 4-3 (Groundball, 4, EV 94.4 MPH)
Batting: RHB Jason Stafford 0-0: Swinging Strike
0-1: Ball
1-1: Ball
2-1: Foul Ball, location: 25F
2-2: Foul Ball, location: 2F
2-2: Ground out 4-3 (Groundball, 4, EV 101.3 MPH)
Batting: LHB Ryan Penryn 0-0: Ball
1-0: Ball
2-0: Ball
3-0: Base on Balls
Batting: LHB Belero Aguilar 0-0: Ball
1-0: Called Strike
Ryan Penryn steals 2nd, throwing error, E2
Ryan Penryn to third
1-1: Foul Ball, location: 2F
1-2: Strikes out swinging
Top of the 6th over - 0 runs, 0 hits, 1 error, 1 left on base; Indianapolis 0 - New York 0
BOTTOM OF THE 6TH
New York Mets batting - Pitching for Indianapolis Ignition : RHP Alan Welsh
Batting: RHB Jonathan Mitchell 0-0: Ball
1-0: Called Strike
1-1: Ball
2-1: Ball
3-1: Base on Balls
Batting: RHB Javin Hall 0-0: Ball
1-0: Swinging Strike
1-1: Swinging Strike
1-2: Strikes out swinging
Batting: RHB Tyler McCaughey 0-0: Called Strike
0-1: Called Strike
0-2: Ball
1-2: Ball
2-2: Foul Ball, location: 25F
2-2: Strikes out looking
Batting: SHB Emmanuel González 0-0: Called Strike
0-1: Swinging Strike
0-2: Ball
1-2: Foul Ball, location: 3DF
1-2: Fly out, F8 (Flyball, 8LD, EV 91.3 MPH)
Bottom of the 6th over - 0 runs, 0 hits, 0 errors, 1 left on base; Indianapolis 0 - New York 0
TOP OF THE 7TH
Indianapolis Ignition batting - Pitching for New York Mets : RHP Ethan Ponzio
Batting: SHB Benjamin Nang 0-0: Called Strike
0-1: Swinging Strike
0-2: Ball
1-2: Strikes out swinging
Pitching: LHP J.D. Taylor
Batting: LHB Brandon Wright 0-0: Called Strike
0-1: Ball
1-1: Called Strike
1-2: Ground out 4-3 (Groundball, 34, EV 88.1 MPH)
Batting: SHB Randy Kennedy 0-0: Foul Ball, location: 2F
0-1: Foul Ball, location: 2F
0-2: Ball
1-2: Ball
2-2: Ground out 6-3 (Groundball, 6, EV 83.8 MPH)
Top of the 7th over - 0 runs, 0 hits, 0 errors, 0 left on base; Indianapolis 0 - New York 0
BOTTOM OF THE 7TH
New York Mets batting - Pitching for Indianapolis Ignition : RHP Alan Welsh
Batting: RHB Miroel Alcantar 0-0: Ball
1-0: Called Strike
1-1: Ball
2-1: Foul Ball, location: 2F
2-2: Foul Ball, location: 5FF
2-2: Foul Ball, location: 3DF
2-2: Strikes out looking
Batting: LHB Earl Jones 0-0: Called Strike
0-1: Ball
1-1: Foul Ball, location: 9LDF
1-2: Foul Ball, location: 5FF
1-2: Strikes out swinging
Batting: RHB Dennis Hardwick 0-0: Swinging Strike
0-1: Ball
1-1: Ground out 6-3 (Groundball, 6, EV 107.5 MPH)
Bottom of the 7th over - 0 runs, 0 hits, 0 errors, 0 left on base; Indianapolis 0 - New York 0
TOP OF THE 8TH
Indianapolis Ignition batting - Pitching for New York Mets : LHP J.D. Taylor
Batting: RHB Grayson Potts 0-0: Ball
1-0: Ball
2-0: Foul Ball, location: 2F
2-1: Fly out, F9 (Flyball, 9LSF, EV 98.1 MPH)
Pinch Hitting: RHB Mark Brown 0-0: Ball
1-0: Ground out 6-3 (Groundball, 6, EV 83.8 MPH)
Batting: RHB Wendell Dominique 0-0: Ball
1-0: Ball
2-0: Ball
3-0: Base on Balls
Batting: RHB Jason Stafford 0-0: Called Strike
0-1: Called Strike
0-2: Fly out, F2 (Popup, 23F, EV 90.0 MPH)
Top of the 8th over - 0 runs, 0 hits, 0 errors, 1 left on base; Indianapolis 0 - New York 0
BOTTOM OF THE 8TH
New York Mets batting - Pitching for Indianapolis Ignition : RHP Alan Welsh
Pitching: LHP Allan Spincic
Now in CF: Quincy Owens
Batting: LHB Enrique Reyna 0-0: Ball
1-0: Fly out, F8 (Flyball, 8RXD, EV 94.4 MPH)
Batting: RHB Jeremy Zimmerman 0-0: Called Strike
0-1: Called Strike
0-2: Strikes out swinging
Batting: RHB Jonathan Mitchell 0-0: Ball
1-0: Called Strike
1-1: Foul Ball, location: 3FF
1-2: Ground out U3 (Groundball, 34, EV 78.8 MPH)
Bottom of the 8th over - 0 runs, 0 hits, 0 errors, 0 left on base; Indianapolis 0 - New York 0
TOP OF THE 9TH
Indianapolis Ignition batting - Pitching for New York Mets : LHP J.D. Taylor
Batting: LHB Ryan Penryn 0-0: Ground out 4-3 (Groundball, 4M, EV 102.5 MPH)
Batting: LHB Belero Aguilar 0-0: Swinging Strike
0-1: Ground out 3-1 (Groundball, 34, EV 99.4 MPH)
Batting: SHB Benjamin Nang 0-0: Ball
1-0: Called Strike
1-1: Ground out 6-3 (Groundball, 6, EV 106.3 MPH)
Top of the 9th over - 0 runs, 0 hits, 0 errors, 0 left on base; Indianapolis 0 - New York 0
BOTTOM OF THE 9TH
New York Mets batting - Pitching for Indianapolis Ignition : LHP Allan Spincic
Batting: RHB Javin Hall 0-0: Ball
1-0: Ball
2-0: Called Strike
2-1: Swinging Strike
2-2: Ball
3-2: Strikes out looking
Batting: RHB Tyler McCaughey 0-0: Foul Ball, location: 2F
0-1: Ball
1-1: Ground out 5-3 (Groundball, 56S, EV 73.8 MPH)
Batting: SHB Emmanuel González 0-0: Swinging Strike
0-1: Swinging Strike
0-2: Ball
1-2: Foul Ball, location: 7LSF
1-2: Strikes out swinging
Bottom of the 9th over - 0 runs, 0 hits, 0 errors, 0 left on base; Indianapolis 0 - New York 0
TOP OF THE 10TH
Indianapolis Ignition batting - Pitching for New York Mets : LHP J.D. Taylor
Batting: LHB Brandon Wright 0-0: Swinging Strike
0-1: Ball
1-1: Ball
2-1: Foul Ball, location: 2F
2-2: Ball
3-2: Strikes out swinging
Batting: SHB Randy Kennedy 0-0: Ball
1-0: Ground out 6-3 (Groundball, 6, EV 81.3 MPH)
Batting: RHB Grayson Potts 0-0: Ball
1-0: Swinging Strike
1-1: Foul Ball, location: 2F
1-2: Strikes out swinging
Top of the 10th over - 0 runs, 0 hits, 0 errors, 0 left on base; Indianapolis 0 - New York 0
BOTTOM OF THE 10TH
New York Mets batting - Pitching for Indianapolis Ignition : LHP Allan Spincic
Batting: RHB Miroel Alcantar 0-0: DOUBLE (Line Drive, 7LD, EV 109.4 MPH)
Batting: LHB Earl Jones 0-0: Swinging Strike
0-1: Foul Ball, location: 7LDF
0-2: Strikes out looking
Batting: RHB Dennis Hardwick 0-0: Intentional Walk
Batting: LHB Enrique Reyna 0-0: Called Strike
0-1: Foul Ball, location: 7LMF
0-2: Ball
1-2: Foul Ball, location: 3F
1-2: Ball
2-2: Foul Ball, location: 3FF
2-2: Strikes out swinging
Batting: RHB Jeremy Zimmerman 0-0: Called Strike
0-1: Ball
1-1: Ball
Wild Pitch!
Miroel Alcantar to third
Dennis Hardwick to second
2-1: Ground out 5-3 (Groundball, 56S, EV 93.1 MPH)
Bottom of the 10th over - 0 runs, 1 hit, 0 errors, 2 left on base; Indianapolis 0 - New York 0
TOP OF THE 11TH
Indianapolis Ignition batting - Pitching for New York Mets : LHP J.D. Taylor
Batting: RHB Quincy Owens 0-0: Ball
1-0: Called Strike
1-1: Swinging Strike
1-2: Ball
2-2: SINGLE (Groundball, 6MD, EV 101.3 MPH)
Batting: RHB Wendell Dominique 0-0: Ball
1-0: Called Strike
1-1: Ball
2-1: Foul Ball, location: 3F
2-2: Ball
3-2: 2-RUN HOME RUN (Flyball, 78XD, EV 95.0 MPH), Distance : 380 ft
Batting: RHB Jason Stafford 0-0: Ball
1-0: Called Strike
1-1: Called Strike
1-2: Strikes out looking
Batting: LHB Ryan Penryn 0-0: Ball
1-0: Ground out U3 (Groundball, 3L, EV 88.8 MPH)
Batting: LHB Belero Aguilar 0-0: Called Strike
0-1: Ground out 4-3 (Groundball, 4, EV 89.4 MPH)
Top of the 11th over - 2 runs, 2 hits, 0 errors, 0 left on base; Indianapolis 2 - New York 0
BOTTOM OF THE 11TH
New York Mets batting - Pitching for Indianapolis Ignition : LHP Allan Spincic
Pitching: RHP Brian Riley
Now at 3B: Salvador Fernández
Batting: RHB Jonathan Mitchell 0-0: Called Strike
0-1: SINGLE (Flyball, 89S, EV 95.6 MPH)
Batting: RHB Javin Hall 0-0: Called Strike
0-1: 2-RUN HOME RUN (Flyball, 7D, EV 103.1 MPH), Distance : 399 ft
Pinch Hitting: LHB Gonzalo Morzaroti 0-0: Ball
1-0: Ball
2-0: Called Strike
2-1: Fly out, F2 (Popup, 13S, EV 86.9 MPH)
Batting: SHB Emmanuel González 0-0: Called Strike
0-1: Ball
1-1: Swinging Strike
1-2: Ball
2-2: Strikes out swinging
Pinch Hitting: LHB Elih Zelaya 0-0: Called Strike
0-1: Foul Ball, location: 7LMF
0-2: Ground out 4-3 (Groundball, 4, EV 87.5 MPH)
Bottom of the 11th over - 2 runs, 2 hits, 0 errors, 0 left on base; Indianapolis 2 - New York 2
TOP OF THE 12TH
Indianapolis Ignition batting - Pitching for New York Mets : LHP J.D. Taylor
Pitching: RHP Zachary Flaherty
Now at 1B: Gonzalo Morzaroti
Now in RF: Elih Zelaya
Batting: SHB Benjamin Nang 0-0: Called Strike
0-1: Called Strike
0-2: Ball
1-2: Strikes out swinging
Batting: LHB Brandon Wright 0-0: Called Strike
0-1: Ball
1-1: Called Strike
1-2: Foul Ball, location: 5DF
1-2: Foul Ball, location: 5F
1-2: Ball
2-2: Strikes out swinging
Batting: SHB Randy Kennedy 0-0: Ball
1-0: Ball
2-0: Fly out, F7 (Flyball, 7D, EV 93.1 MPH)
Top of the 12th over - 0 runs, 0 hits, 0 errors, 0 left on base; Indianapolis 2 - New York 2
BOTTOM OF THE 12TH
New York Mets batting - Pitching for Indianapolis Ignition : RHP Brian Riley
Batting: LHB Earl Jones 0-0: Ball
1-0: Ball
2-0: Ground out 3-1 (Groundball, 34S, EV 88.8 MPH)
Batting: RHB Dennis Hardwick 0-0: Called Strike
0-1: Ball
1-1: Ground out 4-3 (Groundball, 4, EV 105.0 MPH)
Batting: LHB Enrique Reyna 0-0: Foul Ball, location: 23F
0-1: Ground out 4-3 (Groundball, 4, EV 84.4 MPH)
Bottom of the 12th over - 0 runs, 0 hits, 0 errors, 0 left on base; Indianapolis 2 - New York 2
TOP OF THE 13TH
Indianapolis Ignition batting - Pitching for New York Mets : RHP Zachary Flaherty
Pinch Hitting: LHB Olegário Acuña 0-0: SINGLE (Line Drive, 9S, EV 99.4 MPH)
Batting: RHB Quincy Owens 0-0: Fly out, F5 (Popup, 5SF, EV 81.3 MPH)
Batting: RHB Wendell Dominique 0-0: Sac Bunt to 25 - play at first, batter OUT! 5-3
Olegário Acuña to second
Batting: RHB Salvador Fernández 0-0: Foul Ball, location: 23FF
0-1: Ground out 4-3 (Groundball, 34, EV 80.6 MPH)
Top of the 13th over - 0 runs, 1 hit, 0 errors, 1 left on base; Indianapolis 2 - New York 2
BOTTOM OF THE 13TH
New York Mets batting - Pitching for Indianapolis Ignition : RHP Brian Riley
Now at SS: Blake Bustamante
Batting: RHB Jeremy Zimmerman 0-0: Ball
1-0: Foul Ball, location: 9LSF
1-1: DOUBLE (Line Drive, 9LS, EV 110.0 MPH)
Batting: RHB Jonathan Mitchell 0-0: Foul Ball, location: 2F
0-1: Foul Ball, location: 9LSFF
0-2: Strikes out swinging
Batting: RHB Javin Hall 0-0: Intentional Walk
Batting: LHB Gonzalo Morzaroti 0-0: Ball
1-0: Ball
2-0: Foul Ball, location: 2LF
2-1: Ball
3-1: Base on Balls
Jeremy Zimmerman to third
Javin Hall to second
Pitching: RHP Dean Coffey
Batting: SHB Emmanuel González 0-0: Called Strike
0-1: Swinging Strike
0-2: Ball
1-2: Strikes out swinging
Batting: LHB Elih Zelaya 0-0: Ball
1-0: Called Strike
1-1: Ball
2-1: Ball
3-1: Foul Ball, location: 25F
3-2: Strikes out swinging
Bottom of the 13th over - 0 runs, 1 hit, 0 errors, 3 left on base; Indianapolis 2 - New York 2
TOP OF THE 14TH
Indianapolis Ignition batting - Pitching for New York Mets : RHP Zachary Flaherty
Batting: LHB Ryan Penryn 0-0: Ball
1-0: Foul Ball, location: 2F
1-1: Called Strike
1-2: Foul Ball, location: 2F
1-2: Ball
2-2: Strikes out looking
Batting: LHB Belero Aguilar 0-0: Ball
1-0: Fly out, F9 (Flyball, 9, EV 96.3 MPH)
Batting: SHB Benjamin Nang 0-0: Called Strike
0-1: Foul Ball, location: 7LMF
0-2: Ball
1-2: Strikes out swinging, 2-3 out at first.
Top of the 14th over - 0 runs, 0 hits, 0 errors, 0 left on base; Indianapolis 2 - New York 2
BOTTOM OF THE 14TH
New York Mets batting - Pitching for Indianapolis Ignition : RHP Dean Coffey
Batting: LHB Earl Jones 0-0: Ball
1-0: Fly out, F7 (Flyball, 78M, EV 96.3 MPH)
Batting: RHB Dennis Hardwick 0-0: Ball
1-0: Ball
2-0: Ball
3-0: Called Strike
3-1: Base on Balls
Batting: LHB Enrique Reyna 0-0: Called Strike
0-1: Ball
1-1: Sac Bunt to 2R - play at first, batter OUT! 2-3
Dennis Hardwick to second
Batting: RHB Jeremy Zimmerman 0-0: Ball
1-0: Ball
2-0: Called Strike
2-1: Foul Ball, location: 2F
2-2: Ball
3-2: Foul Ball, location: 9LSF
3-2: Reached via error on a dropped throw from 3B, E3 (Groundball, 56S, EV 84.4 MPH)
Dennis Hardwick to third
Batting: RHB Jonathan Mitchell 0-0: Called Strike
0-1: Ball
1-1: Ball
2-1: Ball
3-1: Called Strike
3-2: Base on Balls
Jeremy Zimmerman to second
Batting: RHB Javin Hall 0-0: Swinging Strike
0-1: Ball
1-1: Ball
2-1: Ball
3-1: Base on Balls
Dennis Hardwick scores
Jeremy Zimmerman to third
Jonathan Mitchell to second
Bottom of the 14th over - 1 run, 0 hits, 1 error, 3 left on base; Indianapolis 2 - New York 3
Saturday, April 20th , 2024 - OOTP Baseball 24.11 Build 85